 Dungeon Crawl Stone Soup version 0.31-a0-844-gdc52ec4e09 (webtiles) character file.

Game seed: 2163218936617111251

7 Bravepunisher the Ducker (level 1, -3/11 HPs)
             Began as a Spriggan Monk on Sept 28, 2023.
             Slain by an ufetubus (5 damage)
             ... on level 5 of the Dungeon.
             The game lasted 00:02:08 (551 turns).

Bravepunisher the Ducker (Spriggan Monk)             Turns: 551, Time: 00:02:09

Health: -3/11      AC:  2    Str:  7    XL:     1   Next: 91%
Magic:  2/2        EV: 19    Int: 11    God:
Gold:   29         SH:  0    Dex: 17    Spells: 0/0 levels left

rFire   . . .        a - +0 short sword
rCold   . . .        (no shield)
rNeg    . . .        b - +0 robe
rPois   .            (helmet restricted)
rElec   .            (no cloak)
rCorr   .            (gloves unavailable)
SInv    +            (boots unavailable)
Will    .....        (no amulet)
Stlth   ++           (no ring)
HPRegen 0.21/turn    (no ring)
MPRegen 0.08/turn

%: no passive effects
@: very quick
A: very small, no large weapons, unfitting armour, see invisible, speed 3
a: no special abilities


You were on level 5 of the Dungeon.
You visited 1 branch of the dungeon, and saw 5 of its levels.

You collected 29 gold pieces.

Inventory:

Hand Weapons
 a - a +0 short sword (weapon)
Armour
 b - a +0 robe (worn)
Jewellery
 f - a +5 ring of evasion
Potions
 c - a potion of ambrosia
 d - a potion of curing


   Skills:
 * Level 2.7 Fighting
 - Level 3.2 Short Blades
 + Level 4.2 Dodging


You couldn't memorise any spells.
You didn't know any spells.
Your spell library contained the following spells:

 Spells                   Type           Power      Damage    Failure   Level
 Apportation              Tloc           0%         N/A       34%         1
 Jinxbite                 Hex            0%         N/A       47%         2
 Alistair's Intoxication  Tmut/Pois      0%         N/A       100%        5


Dungeon Overview and Level Annotations

Branches:
Dungeon (5/15)
 Temple: D:4-7

Altars:


Innate Abilities, Weirdness & Mutations

You are very small and have problems with some larger weapons.
You are too small for most types of armour.
You have supernaturally acute eyesight. (SInv)
You cover ground extremely quickly. (Speed+++)


Message History

There is a stone staircase leading up here.
You open the door.
A hound comes into view.
The hound barks!
You hear a shout! x3
A centaur comes into view.
Found a scale mail.
There is an open door here.
The centaur wields a +0 orcbow.
The centaur shoots an arrow.
The arrow barely misses you.
You hear a chilling moan.
You hear a chilling moan.
The hound attacks as it pursues you! The hound bites you but does no damage.
The centaur shoots an arrow.
The arrow barely misses you. The hound attacks as it pursues you!
The hound bites you but does no damage. The hound attacks as it pursues you!
The hound bites you.
Found a stone staircase leading down.
The centaur shoots an arrow.
The arrow barely misses you. The hound closely misses you.
The centaur shoots an arrow.
The arrow closely misses you.
The centaur shoots an arrow.
The arrow barely misses you.
An ufetubus comes into view.
The centaur shoots an arrow.
The arrow hits you!
Ouch! That really hurt!
* * * LOW HITPOINT WARNING * * *
A shadow imp comes into view.
The shadow imp shouts!
Found 11 gold pieces.
As you read the scroll labelled WYWEM ISIFFOERI, it crumbles to dust.
It is a scroll of identify.
d - a potion of curing Unknown command.
You hit the hound but do no damage. Your punch misses the hound.
The ufetubus barely misses you. The ufetubus hits you.
* * * LOW HITPOINT WARNING * * *
The hound closely misses you. The ufetubus barely misses you.
The ufetubus hits you but does no damage.
You hit the hound.
The hound is moderately wounded.
The hound barely misses you. The ufetubus hits you.
You die...

##############
#............#
#............#
#............#
#............#
#........$...#
#............#
#.....@5.....#
######h#######
#c#
##############.#
#...........##.#
#......♣....##5#
.......5.....#
........h#####.
#.....c#.......


You could see a centaur, a hound, a shadow imp and an ufetubus.

Vanquished Creatures
  A bat (D:3)
  An endoplasm (D:3)
  A giant cockroach (D:4)
  A hobgoblin (D:1)
  A quokka (D:2)
  A kobold (D:3)
6 creatures vanquished.

Notes
Turn   | Place    | Note
-------+----------+-------------------------------------------
     0 | D:1      | Bravepunisher the Spriggan Monk began the quest for the
                  | Orb.
     0 | D:1      | Reached XP level 1. HP: 11/11 MP: 2/2
    18 | D:1      | Found a faded altar of an unknown god.
   294 | D:5      | Entered Level 5 of the Dungeon
   294 | D:5      | Noticed a gnoll bouda
   349 | D:4      | Noticed an orc wizard
   350 | D:4      | Noticed an orc wizard
   351 | D:4      | Noticed a hound
   384 | D:4      | Noticed a hound
   491 | D:5      | Noticed an ice beast
   496 | D:5      | Noticed a hound
   497 | D:5      | Noticed a centaur
   551 | D:5      | Slain by an ufetubus

Illustrated notes

Levels and vault maps discovered:
D:1:      ebering_hopf_link, layout_basic,
          hellmonk_ecumenical_altar_arch_garden, serial_co_window_serial,
          co_window_of_opportunity_a, co_window_paths_a, co_window_corner_a,
          co_window_paths_a, co_window_paths_b, co_window_corner_ca,
          co_window_2corner, co_window_2corner, co_window_broadway_c,
          co_window_corner_b, glass_columns_c, minmay_pentomino_v4
D:2:      layout_basic
D:3:      layout_basic, uniq_sigmund, uniq_crazy_yiuf_cottage
D:4:      layout_basic, grunt_temple_overflow_magic_moments,
          small_statue_intersection, kennysheep_orc_chapel
D:5:      layout_basic, cheibriados_altar_1, tso_metal_star, serial_demonic,
          serial_demonic_a, serial_demonic_d, serial_demonic_e, serial_demonic_b

Action                     || total
---------------------------++-------
  Melee: Short sword       ||    27
    Use: Scroll            ||     1
   Stab: Sleeping          ||     1
 Armour: Robe              ||    12
  Dodge: Dodged            ||    35

Table legend: (Time is in decaauts)
 A = Elapsed time spent in this place.
 B = Non-inter-level travel time spent in this place.
 C = Inter-level travel time spent in this place.
 D = Time resting spent in this place.
 E = Time spent auto-exploring this place.
 F = Levels seen in this place.
 G = Mean time per level.
                   A        B        C        D        E       F      G
               +--------+--------+--------+--------+--------+-----+--------+
         Total |    349 |    349 |      0 |      0 |    116 |   5 |   69.8 |
       Dungeon |    349 |    349 |      0 |      0 |    116 |   5 |   69.8 |
               +--------+--------+--------+--------+--------+-----+--------+

Top non-repeatable levels by time:
     D:4: 148 daAuts
     D:2: 74 daAuts
     D:1: 50 daAuts
     D:5: 39 daAuts
     D:3: 37 daAuts
